 Seeded DCSS version 0.28-a0-1143-gcf6077d4cc (webtiles) character file.

Game seed: 12130800008223909736 (custom seed)

19838 croobank the Fighter (level 12, -3/95 HPs)
             Began as a Demigod Fighter on Dec 14, 2021.
             Slain by a ten-headed hydra (10 damage)
             ... on level 11 of the Dungeon.
             The game lasted 01:20:15 (8514 turns).

croobank the Fighter (Demigod Fighter)              Turns: 8514, Time: 01:20:15

Health: -3/95      AC: 21    Str: 29    XL:     12   Next: 12%
Magic:  16/17      EV: 11    Int: 14    God:
Gold:   415        SH:  6    Dex: 13    Spells: 13/13 levels left

rFire   + . .      SeeInvis .   u - +2 long sword (flame)
rCold   x . .      Faith    .   c - +0 buckler
rNeg    . . .      Spirit   .   R - +3 acid dragon scales
rPois   .          Reflect  .   (no helmet)
rElec   .          Harm     .   V - +0 cloak
rCorr   +          Rampage  ∞   Y - +2 pair of gloves
Will    ++...      Clarity  +   H - +3 pair of seven-league boots {Rampage+∞}
Stlth   +.........              f - amulet of regeneration
HPRegen 1.05/turn               h - ring of fire
MPRegen 0.15/turn               O - ring of willpower

@: about to teleport
A: high mp 1, forlorn, divine attributes, talons 1, clarity, frail 1
a: no special abilities


You were on level 11 of the Dungeon.
You visited 1 branch of the dungeon, and saw 11 of its levels.

You collected 1555 gold pieces.
You spent 1140 gold pieces at shops.

Inventory:

Hand Weapons
 a - the +8 war axe of Uxzaprie {spect, rPois rN++ Dex-2}
   (You bought it in a shop on level 6 of the Dungeon)

   When its wielder attacks, the weapon's spirit leaps out and strikes again.
   The spirit shares a part of any damage it takes with its wielder.
   Dex:       It affects your dexterity (-2).
   rPois:     It protects you from poison.
   rN:        It greatly protects you from negative energy.
 b - a +0 vorpal hunting sling
 u - a +2 long sword of flaming (weapon)
 x - a +1 short sword of speed
 C - a +0 flail
 F - a +1 dagger of venom
 Q - a +5 short sword
 T - a +1 whip of electrocution
Missiles
 e - 10 poisoned darts
 g - an atropa-tipped dart
 m - 171 stones
 p - 3 curare-tipped darts (quivered)
 s - 49 sling bullets
 G - 5 boomerangs
Armour
 c - a +0 buckler (worn)
 E - the +2 pair of boots "Tamiextu" {rPois}
   (You acquired it on level 6 of the Dungeon)

   rPois:     It protects you from poison.
 H - the +3 pair of seven-league boots (worn) {Rampage+∞}
   (You acquired it on level 6 of the Dungeon)

   Its wearer moves as far as possible in that direction when moving towards
   enemies.
 R - +3 acid dragon scales (worn)
 V - a +0 cloak (worn)
 Y - a +2 pair of gloves (worn)
Magical Staves
 d - a staff of cold
 y - a staff of conjuration
Jewellery
 f - an amulet of regeneration (around neck)
 h - a ring of fire (left hand)
 O - a ring of willpower (right hand)
Wands
 z - a wand of iceblast (10)
 L - a wand of paralysis (14)
 S - a wand of polymorph (9)
 U - a wand of mindburst (7)
Scrolls
 i - 10 scrolls of identify {identify}
 k - a scroll of magic mapping {magic mapping, unknown}
 l - 3 scrolls of holy word {holy word, unknown}
 n - a scroll of acquirement {acquirement}
 t - a scroll of summoning {summoning, unknown}
 v - 2 scrolls of teleportation {teleportation}
 w - 3 scrolls of immolation {immolation, unknown}
 B - a scroll of enchant weapon {enchant weapon, unknown}
 D - 2 scrolls of fog {fog, unknown}
 I - a scroll of silence {silence, unknown}
 N - 3 scrolls of amnesia {amnesia, unknown}
Potions
 j - 2 potions of flight {flight, unknown}
 o - 3 potions of might
 q - 3 potions of cancellation {cancellation, unknown}
 r - a potion of attraction {attraction, unknown}
 A - a potion of magic {magic, unknown}
 J - 2 potions of mutation {mutation}
 K - 3 potions of curing {curing, unknown}
 M - a potion of brilliance {brilliance, unknown}
 P - 2 potions of haste
 W - 2 potions of heal wounds
 X - 3 potions of lignification {lignification, unknown}
 Z - a potion of berserk rage


   Skills:
 - Level 10.2 Fighting
 - Level 10.0 Axes
 - Level 10.2 Armour
 - Level 10.1 Shields
 + Level 1.4 Spellcasting
 + Level 1.5 Transmutations
 + Level 1.5 Earth Magic


You had 13 spell levels left.
You didn't know any spells.
Your spell library contained the following spells:

 Spells                   Type           Power      Damage    Failure   Level
 Animate Skeleton         Necr           0%         N/A       28%         1
 Apportation              Tloc           0%         N/A       28%         1
 Shock                    Conj/Air       0%         1d3       28%         1
 Summon Small Mammal      Summ           0%         N/A       28%         1
 Corpse Rot               Necr/Air       0%         N/A       41%         2
 Poisonous Vapours        Pois/Air       0%         N/A       41%         2
 Conjure Flame            Conj/Fire      1%         6-21      65%         3
 Petrify                  Tmut/Erth      5%         N/A       83%         4
 Alistair's Intoxication  Tmut/Pois      2%         N/A       99%         5
 Fireball                 Conj/Fire      0%         3d3       100%        5
 Iskenderun's Battlesphe  Conj           0%         2d6       100%        5
 Metabolic Englaciation   Hex/Ice        0%         N/A       100%        5
 Silence                  Hex/Air        0%         N/A       100%        5
 Conjure Ball Lightning   Conj/Air       0%         3x3d6     100%        6
 Statue Form              Tmut/Erth      3%         N/A       100%        6
 Orb of Destruction       Conj           0%         N/A       100%        7


Dungeon Overview and Level Annotations

Branches:
Dungeon (11/15)            Temple (0/1) D:4            Lair (0/6) D:10
    Orc (0/2) D:11

Shops:
D:6 =*[(   D:7 **(   D:9 *


Innate Abilities, Weirdness & Mutations

You have an increased reservoir of magic. (+10% MP)
You shall have no god before yourself.
Your divine heritage dramatically boosts your attributes as you level up.
You have sharp toenails.
You possess an exceptional clarity of mind.
You are frail. (-10% HP)


Message History

Something hits you but does no damage.
The two-headed ogre completely misses you.
The two-headed ogre closely misses you. Something hits you but does no damage.
A boulder beetle comes into view.
The purple ugly thing headbutts you. The ten-headed hydra bites you.
The ten-headed hydra closely misses you.
The ten-headed hydra bites you but does no damage.
The ten-headed hydra bites you.
You block the ten-headed hydra's attack.
The ten-headed hydra bites you.
The ten-headed hydra bites you but does no damage. x2
You block the ten-headed hydra's attack. x2
Your +2 long sword of flaming bursts into flame!
u - a +2 long sword of flaming (weapon)
Something hits you but does no damage.
The two-headed ogre hits you but does no damage.
The two-headed ogre hits you with a +0 giant spiked club.
You hit something. You burn something. Something completely misses you.
Something hits you but does no damage. The purple ugly thing headbutts you!
The ten-headed hydra bites you but does no damage.
The ten-headed hydra barely misses you.
The ten-headed hydra closely misses you.
The ten-headed hydra bites you but does no damage.
The ten-headed hydra bites you.
The ten-headed hydra closely misses you.
The ten-headed hydra barely misses you.
The ten-headed hydra bites you but does no damage.
You block the ten-headed hydra's attack.
The ten-headed hydra bites you but does no damage.
Something hits you but does no damage.
The purple ugly thing headbutts you but does no damage.
The two-headed ogre hits you but does no damage.
The two-headed ogre hits you with a +0 giant spiked club!!
* * * LOW HITPOINT WARNING * * *
The ten-headed hydra barely misses you.
The ten-headed hydra bites you but does no damage.
You block the ten-headed hydra's attack.
The ten-headed hydra bites you but does no damage. x2
The ten-headed hydra bites you!
You die...

...# #...# #...# #.##...## #####
############.# ###.....# .....
.........#.# #....... .....
.........#.# ###...^...
..###############..#.# #.)..^<...
...# #.............#.# #.#...^...
...###......)......#.###.#.......
#...##..##########'#.)>..##.....#
#....#..#)....§D@OT#......##...##
##......#)......{u.#......###.##
(###....##..#####..#......##'.'#
...####..# #..#..#######.##
......##'# #B.#..# ##...##
.........## #..#..# ##.....#
.[....)...# #..#..# #.......
..........## ...#..####...^...
###........### #........^>^..


You could see a boulder beetle, a ten-headed hydra, a purple ugly thing, a
two-headed ogre and a troll.

Vanquished Creatures
  A boulder beetle (D:10)
  A two-headed ogre (D:11)
  Pikel (D:8)
  3 wizards (D:11)
  2 ugly things
  A manticore (D:11)
  A cyclops (D:11)
  Joseph (D:10)
  2 gargoyles (D:11)
  Maggie (D:7)
  A komodo dragon (D:10)
  An unseen horror (D:11)
  A tengu conjurer (D:11)
  5 trolls
  A hornet (D:10)
  Sigmund (D:5)
  A shadow (D:11)
  Eustachio (D:6)
  24 yaks
  2 wyverns (D:10)
  2 wraiths (D:11)
  5 vampire mosquitoes
  4 steam dragons
  A two-headed ogre zombie (D:11)
  Pargi (D:3)
  A water moccasin (D:10)
  An ice beast (D:7)
  4 orc warriors
  4 sky beasts
  5 black bears
  A necrophage (D:6)
  3 centaurs
  A phantom (D:10)
  4 bullfrogs
  A wyvern zombie (D:8)
  A gnoll sergeant (D:7)
  A troll zombie (D:11)
  A killer bee (D:11)
  3 wights (D:7)
  A howler monkey (D:9)
  3 centaur zombies
  4 hounds
  2 jellies (D:6)
  A bullfrog skeleton (D:6)
  7 orc priests
  3 gnoll shamans
  Jessica (D:3)
  An iguana (D:6)
  8 orc wizards
  6 ogre zombies (D:11)
  A hound zombie (D:5)
  A howler monkey zombie (D:9)
  A howler monkey skeleton (D:7)
  29 gnolls
  4 adders
  A shadow imp (D:5)
  A white imp (D:6)
  An ufetubus (D:5)
  An adder zombie (D:5)
  2 worms
  4 dart slugs
  19 orcs
  3 endoplasms (D:1)
  2 giant cockroaches
  4 goblins
  5 hobgoblins
  4 kobolds
  3 quokkas
  2 ball pythons (D:2)
  3 bats
  2 frilled lizards
  A goblin zombie (D:11)
  2 hobgoblin zombies (D:11)
  An orc skeleton (D:11)
  19 orc zombies (D:11)
  3 rats
252 creatures vanquished.

Vanquished Creatures (others)
  31 fungi (D:10)
  47 plants
78 creatures vanquished.

Grand Total: 330 creatures vanquished

Notes
Turn   | Place    | Note
-------+----------+-------------------------------------------
     0 | D:1      | croobank the Demigod Fighter began the quest for the Orb.
     0 | D:1      | Reached XP level 1. HP: 18/18 MP: 3/3
   589 | D:1      | Reached XP level 2. HP: 16/25 MP: 4/4
  1637 | D:2      | Reached XP level 3. HP: 29/31 MP: 5/5
  2394 | D:3      | Noticed Pargi
  2405 | D:3      | Killed Pargi
  2406 | D:3      | Reached XP level 4. HP: 38/38 MP: 6/6
  2733 | D:3      | Noticed Jessica
  2738 | D:3      | Killed Jessica
  2739 | D:3      | Reached XP level 5. HP: 42/45 MP: 7/7
  3290 | D:4      | Found a staircase to the Ecumenical Temple.
  3315 | D:4      | Noticed a black bear
  3322 | D:4      | Identified 4 scrolls of acquirement {acquirement}
  3322 | D:4      | Acquired 924 gold pieces
  3331 | D:4      | Killed a black bear
  3964 | D:5      | Entered Level 5 of the Dungeon
  3977 | D:5      | Reached XP level 6. HP: 52/52 MP: 8/8
  4028 | D:5      | HP: 2/52 [gnoll (4)]
  4235 | D:5      | Noticed Sigmund
  4248 | D:5      | Killed Sigmund
  4410 | D:5      | Reached XP level 7. HP: 54/60 MP: 9/9
  4606 | D:6      | Found Ygyota's Weapon Shop.
  4616 | D:6      | Acquired the +2 pair of boots "Tamiextu" {rPois}
  4622 | D:6      | Bought the +8 war axe of Uxzaprie {spect, rPois rN++ Dex-2}
                  | for 993 gold pieces
  4636 | D:6      | Found Hicsephi's Antique Armour Boutique.
  4782 | D:6      | Found Wetiomp's General Store.
  4798 | D:6      | Reached skill level 5 in Fighting
  4820 | D:6      | Noticed Eustachio
  4836 | D:6      | Killed Eustachio
  4837 | D:6      | Reached skill level 5 in Armour
  4837 | D:6      | Reached skill level 5 in Shields
  4900 | D:6      | Reached XP level 8. HP: 68/68 MP: 10/10
  4967 | D:6      | Found Leclugu's Jewellery Shop.
  4974 | D:6      | Acquired the +3 pair of seven-league boots {Rampage+∞}
  4974 | D:6      | Found the +3 pair of seven-league boots {Rampage+∞}
  5177 | D:6      | Reached skill level 5 in Axes
  5352 | D:7      | Found Hobu's Weapon Emporium.
  5433 | D:7      | Found Sostroc's General Store.
  5477 | D:7      | Found Mijiuple's Assorted Antiques.
  5492 | D:7      | Reached XP level 9. HP: 81/81 MP: 11/11
  5514 | D:7      | Bought a blackened diamond ring for 125 gold pieces
  5514 | D:7      | Bought a puce potion for 22 gold pieces
  5666 | D:7      | Noticed Maggie
  5669 | D:7      | Killed Maggie
  5730 | D:7      | Gained mutation: You are frail. (-10% HP) [potion of
                  | mutation]
  5730 | D:7      | Gained mutation: You possess an exceptional clarity of
                  | mind. [potion of mutation]
  5730 | D:7      | Gained mutation: You have sharp toenails. [potion of
                  | mutation]
  5902 | D:8      | Reached XP level 10. HP: 79/79 MP: 13/13
  6201 | D:8      | Noticed Pikel
  6209 | D:8      | Killed Pikel
  6509 | D:9      | Found Yqudeimu's Neck Hole.
  6939 | D:10     | Entered Level 10 of the Dungeon
  7009 | D:10     | Found a staircase to the Lair.
  7019 | D:10     | Reached XP level 11. HP: 86/87 MP: 14/14
  7280 | D:10     | Noticed Joseph
  7288 | D:10     | Killed Joseph
  7728 | D:11     | Noticed a boulder beetle
  7767 | D:10     | Killed a boulder beetle
  8087 | D:11     | Found a staircase to the Orcish Mines.
  8230 | D:11     | Reached skill level 10 in Fighting
  8230 | D:11     | Reached skill level 10 in Armour
  8280 | D:11     | Reached skill level 10 in Shields
  8311 | D:11     | Noticed a wizard
  8312 | D:11     | Noticed a wizard
  8313 | D:11     | Noticed a deep elf pyromancer
  8314 | D:11     | Killed a wizard
  8315 | D:11     | Killed a wizard
  8325 | D:11     | Got the Papyrus of Dhcmrlchtdj
  8374 | D:11     | Noticed a wizard
  8378 | D:11     | Killed a wizard
  8379 | D:11     | Reached XP level 12. HP: 95/95 MP: 15/15
  8382 | D:11     | Got Koroz's Papyrus of Combed Thunderclap
  8392 | D:11     | Got the Incunabulum of Sand
  8450 | D:11     | Reached skill level 10 in Axes
  8508 | D:11     | Noticed an eight-headed hydra
  8510 | D:11     | Reached skill level 1 in Spellcasting
  8510 | D:11     | Reached skill level 1 in Transmutations
  8510 | D:11     | Reached skill level 1 in Earth Magic
  8512 | D:11     | Noticed a boulder beetle
  8514 | D:11     | Slain by a ten-headed hydra

Illustrated notes

Levels and vault maps discovered:
D:1:      minmay_arrival_checkered_box, layout_basic, minmay_pentomino_q2
D:2:      layout_loops_cross
D:3:      layout_loops_corners, serial_bayou, serial_bayou_pond_c,
          serial_bayou_lagoon_b, serial_bayou_pond_c, serial_bayou_pond_e,
          uniq_pargi, uniq_jessica
D:4:      layout_basic, marbit_many_paths, minmay_temple_entry_enclosed_plants,
          hex_intersection
D:5:      layout_rooms, uniq_sigmund
D:6:      layout_rooms, serial_shops, shop, nicolae_diamond_shop,
          nicolae_shop_advertising_works [nicolae_subvault_shop_adworks], shop,
          chequers_serial_rivers_micro_a, uniq_eustachio
D:7:      layout_cave_pools, serial_gnoll_camp, gnoll_camp_mini_shop,
          gnoll_camp_mini_loothouse, gnoll_camp_mini_sergeant,
          gnoll_camp_mini_shop, serial_shops, kennysheep_little_box, uniq_maggie
D:8:      layout_basic, lemuel_round_altar, mainiacjoe_overflow_catwalk,
          uniq_pikel
D:9:      layout_cave_pools, nicolae_shop_sticking_my_neck_out
D:10:     layout_roguey, general_overflow_altar, due_lair_maze_entry_diamond,
          uniq_joseph
D:11:     minmay_quarter_circles, layout_small_grid, zombieorc2_lemuel,
          bh_hangedman_babel_library

Skill      XL: |  1  2  3  4  5  6  7  8  9 10 11 12 |
---------------+-------------------------------------+-----
Axes           | 2 3 4 7 8 9 10 | 10.0
Armour         | 3 4 5 7 8 9 10 | 10.2
Shields        | 3 4 5 7 8 9 10 | 10.1
Fighting       | 3 4 5 7 8 9 10 | 10.2
Spellcasting   | 1 |  1.4
Transmutations | 1 |  1.5
Earth Magic    | 1 |  1.5

Action                   |  1- 3 |  4- 6 |  7- 9 | 10-12 || total
-------------------------+-------+-------+-------+-------++-------
Melee: War axe           |    44 |       |    85 |   262 ||   391
       Hand axe          |    60 |   170 |       |       ||   230
       Long sword        |       |       |       |     1 ||     1
 Fire: Hunting sling     |       |       |     4 |       ||     4
Throw: Dart              |    10 |    15 |       |       ||    25
       Throwing net      |       |     1 |       |       ||     1
  Use: Potion            |     1 |     2 |     2 |     1 ||     6
       Scroll            |     1 |     2 |     7 |     2 ||    12
 Stab: Invisible         |     1 |       |       |       ||     1
       Distracted        |       |       |       |     5 ||     5
Armor: Scale mail        |    20 |       |       |       ||    20
       Leather armour    |    18 |    13 |       |       ||    31
       Chain mail        |       |    26 |    30 |       ||    56
       Acid dragon scale |       |       |     9 |   146 ||   155
Dodge: Dodged            |    44 |    90 |    25 |   118 ||   277
Block: Buckler           |    33 |    32 |    19 |    77 ||   161

Table legend: (Time is in decaauts)
 A = Elapsed time spent in this place.
 B = Non-inter-level travel time spent in this place.
 C = Inter-level travel time spent in this place.
 D = Time resting spent in this place.
 E = Time spent auto-exploring this place.
 F = Levels seen in this place.
 G = Mean time per level.
                   A        B        C        D        E       F      G
               +--------+--------+--------+--------+--------+-----+--------+
         Total |   8650 |   8304 |    346 |    735 |   5140 |  11 |  786.4 |
       Dungeon |   8650 |   8304 |    346 |    735 |   5140 |  11 |  786.4 |
               +--------+--------+--------+--------+--------+-----+--------+

Top non-repeatable levels by time:
     D:1: 1432 daAuts
     D:2: 990 daAuts
     D:3: 883 daAuts
     D:4: 872 daAuts
    D:10: 801 daAuts
    D:11: 782 daAuts
     D:5: 629 daAuts
     D:7: 629 daAuts
     D:8: 600 daAuts
     D:6: 581 daAuts
     D:9: 448 daAuts
